 Dungeon Crawl Stone Soup version 0.25-a0-424-g80bd347 (webtiles) character file.

Game seed: 14816567033451800013, levelgen mode: deterministic

189 15 the Firebug (level 5, -8/30 HPs)
             Began as a Tengu Fire Elementalist on Jan 22, 2020.
             Killed from afar by an orc wizard (11 damage)
             ... with a puff of flame
             ... on level 4 of the Dungeon.
             The game lasted 00:11:45 (2558 turns).

15 the Firebug (Tengu Fire Elementalist)            Turns: 2558, Time: 00:11:45

Health: -8/30      AC:  2    Str:  9    XL:     5   Next: 68%
Magic:  0/9        EV: 15    Int: 21    God:
Gold:   96         SH:  0    Dex: 14    Spells: 2/9 levels left

rFire    . . .     SeeInvis .   k - +0 mace
rCold    . . .     Gourm    .   (no shield)
rNeg     . . .     Faith    .   a - +0 robe
rPois    .         Spirit   +   (helmet restricted)
rElec    .         Reflect  .   f - scarf {Spirit}
rCorr    .         Harm     .   (no gloves)
MR       .....                  (boots unavailable)
Stlth    ++........             (no amulet)
HPRegen  0.10/turn              (no ring)
MPRegen  0.11/turn              (no ring)

@: brilliant, flying quickly and evasively, quick
A: beak, talons 3, able to fly
a: Fly


You were on level 4 of the Dungeon.
You were near starving.

You visited 1 branch of the dungeon, and saw 4 of its levels.

You collected 96 gold pieces.

Inventory:

Hand Weapons
 d - a +1 dagger
 k - a +0 mace (weapon)
Armour
 a - a +0 robe (worn)
 f - a scarf of spirit shield (worn)
Wands
 q - a wand of disintegration (3)
Scrolls
 b - 2 scrolls of teleportation {unknown}
 g - 3 scrolls of remove curse
 h - 2 scrolls of identify {unknown}
 i - 2 scrolls of immolation {unknown}
 l - a scroll of amnesia {unknown}
 o - 2 scrolls of enchant weapon
 p - a scroll of blinking {unknown}
Potions
 n - a potion of heal wounds {unknown}
Comestibles
 c - 6 rations


   Skills:
 * Level 1.7 Fighting
 + Level 0.3 Short Blades
 + Level 0.1 Maces & Flails
 * Level 1.6 Armour
 * Level 2.7 Dodging
 + Level 2.6 Stealth
 + Level 2.6 Spellcasting
 * Level 3.2 Conjurations
 + Level 4.2 Fire Magic


You had 2 spell levels left.
You knew the following spells:

 Your Spells              Type           Power        Failure   Level  Hunger
a - Foxfire               Conj/Fire      ####         1%          1    None
b - Conjure Flame         Conj/Fire      ####....     1%          3    ###....
c - Inner Flame           Hex/Fire       ###.....     2%          3    ###....

Your spell library contained the following spells:

 Spells                   Type           Power        Failure   Level  Hunger
 Sticky Flame             Conj/Fire      ####....     3%          4    ####...
 Fireball                 Conj/Fire      ####......   10%         5    ######.


Dungeon Overview and Level Annotations

Branches:
Dungeon (4/15)
 Temple: D:4-7

Altars:
Zin


Innate Abilities, Weirdness & Mutations

You have a beak for a mouth.
You have claws for feet.
You can fly continuously.


Message History

The orc wizard is heavily wounded.
The orc wizard points at you and mumbles some strange words.
The magic dart hits you!
* * * LOW HITPOINT WARNING * * *
The orc wizard completely misses you.
Unknown command.
You closely miss the orc wizard.
You peck the orc wizard, but do no damage.
The orc wizard is heavily wounded.
The orc wizard looks braver for a moment.
The orc wizard hits you but does no damage.
The orc wizard miscasts a cantrip.
You hit the orc wizard. You peck the orc wizard.
The orc wizard is almost dead.
The orc wizard points at you and mumbles some strange words.
The puff of frost hits you!
* * * LOW HITPOINT WARNING * * *
The orc wizard gestures at you while chanting.
The puff of flame hits you!
You die...

........####..####.#
#.....#......##.#..# #.#
#.....#......##.#..# #.#
##.....######.##.#..# #.#
.......######.##.#..####.#
.o.....................#
#...#########.#........
.####...#########.##.######
........oo@.......##.......
.....#.#########.#########
### #.#########.#
.######.ยง.........#
........###########
#########


You could see 2 orc wizards.

Vanquished Creatures
  2 orc wizards
  Jessica (D:3)
  3 adders (D:2)
  An adder zombie (D:3)
  3 worms
  3 dart slugs
  2 leopard geckos (D:3)
  4 orcs (D:3)
  4 bats (D:1)
  2 giant cockroaches
  7 hobgoblins
  3 jackals (D:1)
  4 quokkas
  2 ball pythons (D:2)
  2 frilled lizards
  10 goblins
  2 kobolds
  6 rats
61 creatures vanquished.

Vanquished Creatures (others)
  151 foxfires
151 creatures vanquished.

Grand Total: 212 creatures vanquished

Notes
Turn   | Place    | Note
-------+----------+-------------------------------------------
     0 | D:1      | 15 the Tengu Fire Elementalist began the quest for the Orb.
     0 | D:1      | Reached XP level 1. HP: 10/10 MP: 4/4
    88 | D:1      | Reached XP level 2. HP: 14/15 MP: 3/6
   718 | D:1      | Reached XP level 3. HP: 19/20 MP: 2/7
   802 | D:1      | Learned a level 3 spell: Conjure Flame
   871 | D:2      | Reached skill level 4 in Fire Magic
  1128 | D:2      | Reached skill level 1 in Armour
  1128 | D:2      | Reached XP level 4. HP: 24/24 MP: 1/8
  1141 | D:2      | Learned a level 3 spell: Inner Flame
  1633 | D:3      | Gained mutation: You can fly continuously. [Tengu growth]
  1633 | D:3      | Reached XP level 5. HP: 28/28 MP: 0/9
  1678 | D:3      | Noticed Jessica
  1686 | D:3      | Killed Jessica
  1686 | D:3      | Reached skill level 1 in Fighting
  1725 | D:3      | Found a glowing silver altar of Zin.
  2558 | D:4      | Killed from afar by an orc wizard

Levels and vault maps discovered:
D:1:      ebering_trefoil_twist, layout_loops_cross
D:2:      layout_rooms, first_ration
D:3:      layout_basic, marbit_many_paths, uniq_jessica
D:4:      layout_basic, kennysheep_little_box

Skill      XL: |  1  2  3  4  5 |
---------------+----------------+-----
Conjurations   | 2 3 |  3.2
Fire Magic     | 4 |  4.2
Armour         | 1 |  1.6
Fighting       | 1 |  1.7
Short Blades   | |  0.3
Maces & Flails | |  0.1
Dodging        | |  2.7
Stealth        | |  2.6
Spellcasting   | |  2.6

Action                   |  1- 3 |  4- 6 || total
-------------------------+-------+-------++-------
Melee: Unarmed           |     8 |       ||     8
       Kick              |    11 |     7 ||    18
       Dagger            |    46 |    22 ||    68
       Peck              |     4 |     7 ||    11
       Mace              |     6 |     8 ||    14
 Cast: Foxfire           |    38 |    62 ||   100
       Conjure Flame     |     1 |     1 ||     2
Evoke: Wand              |       |     2 ||     2
  Use: Potion            |     1 |     5 ||     6
       Scroll            |       |     2 ||     2
 Stab: Sleeping          |     4 |       ||     4
  Eat: Chunk             |     1 |     4 ||     5
Armor: Robe              |    12 |     4 ||    16
       Skin              |    10 |     1 ||    11
Dodge: Dodged            |    40 |    25 ||    65

Table legend:
 A = Non-vault XP
 B = Vault XP
 C = Vault XP percentage of total XP
 D = Non-vault monster count
 E = Vault monster count
 F = Vault count percentage of total count
                 A         B        C        D         E       F
            +---------+---------+-------+---------+---------+-------
      Total |     233 |      38 |  14.0 |      59 |       2 |   3.3
            +---------+---------+-------+---------+---------+-------
        D:1 |      34 |       0 |   0.0 |      18 |       0 |   0.0
        D:2 |      83 |       0 |   0.0 |      24 |       0 |   0.0
        D:3 |      81 |      38 |  31.9 |      16 |       2 |  11.1
        D:4 |      35 |       0 |   0.0 |       1 |       0 |   0.0
            +---------+---------+-------+---------+---------+-------
